 Dungeon Crawl Stone Soup version 0.31-a0-795-g5eb97db20b (webtiles) character file.

Game seed: 14864381429326503955

10880 cforsyth the Fighter (level 12, -3/88 HPs)
             Began as a Djinni Delver on Sept 19, 2023.
             Was an Elder of Hepliaklqana.
             Slain by a yak (14 damage)
             ... on level 9 of the Dungeon.
             The game lasted 00:13:04 (11100 turns).

cforsyth the Fighter (Djinni Delver)               Turns: 11100, Time: 00:13:05

Health: -3/88      AC:  9    Str: 11    XL:     12   Next: 0%
Gold:   525        EV: 12    Int: 18    God:    Hepliaklqana [****..] SH:  0 Dex: 11

rFire   + + .        n - +8 trident "Nud Acs" {venom, Int+2 Dex-5 SInv}
rCold   x . .        (no shield)
rNeg    . . .        E - +0 steam dragon scales
rPois   ∞            k - +1 helmet
rElec   .            o - +0 cloak
rCorr   .            h - +0 pair of gloves
SInv    +            (boots unavailable)
Will    +....        C - amulet of regeneration
Stlth   ++           (no ring)
HPRegen 1.14/turn    (no ring)
MPRegen 0.00/turn

%: infuse magic (-4 HP)
@: flying
A: reduced essence, sickness immunity, fire resistance 2, cold vulnerability 1,
float, innate caster, HP casting, extra vitality 1
a: Renounce Religion, Recall Ancestor, Ancestor Identity, Transference, Idealise


You were on level 9 of the Dungeon.
You worshipped Hepliaklqana.
Hepliaklqana was greatly pleased with you.
You visited 2 branches of the dungeon, and saw 10 of its levels.

You collected 525 gold pieces.

Inventory:

Hand Weapons
 a - a +0 falchion
 j - a +2 falchion of holy wrath
 n - the +8 trident "Nud Acs" (weapon) {venom, Int+2 Dex-5 SInv}
   (You found it on level 7 of the Dungeon)

   Int+2:     It affects your intelligence (+2).
   Dex-5:     It affects your dexterity (-5).
   SInv:      It lets you see invisible.
 w - a +2 mace of protection
Missiles
 H - 4 throwing nets
Armour
 b - a +0 leather armour
 h - a +0 pair of gloves (worn)
 k - a +1 helmet (worn)
 o - a +0 cloak (worn)
 E - +0 steam dragon scales (worn)
Jewellery
 C - an amulet of regeneration (around neck)
 G - a ring of positive energy
Wands
 g - a wand of digging (3)
 i - a wand of flame (16)
 m - a wand of mindburst (21)
 A - a wand of paralysis (6)
 D - a wand of polymorph (4)
Scrolls
 c - 2 scrolls of fog
 d - 3 scrolls of revelation
 e - a scroll of fear
 f - 6 scrolls of teleportation
 p - 4 scrolls of enchant weapon
 r - 2 scrolls of blinking
 t - 4 scrolls of noise
 x - 2 scrolls of vulnerability
 y - a scroll of silence
Potions
 l - a potion of mutation
 q - 2 potions of haste
 s - 4 potions of curing
 u - a potion of attraction
 v - a potion of lignification
 z - a potion of enlightenment
 B - 2 potions of brilliance
 F - a potion of ambrosia


   Skills:
 + Level 13.1 Fighting
 - Level 1.7 Long Blades
 - Level 2.1 Dodging
 - Level 4.1 Stealth
 + Level 9.6 Spellcasting
 + Level 9.6 Conjurations
 + Level 9.6 Hexes
 + Level 9.6 Summonings
 + Level 9.6 Necromancy
 + Level 9.6 Translocations
 + Level 9.6 Transmutations
 + Level 9.6 Fire Magic
 + Level 9.6 Ice Magic
 + Level 9.6 Air Magic
 + Level 9.6 Earth Magic
 + Level 9.6 Poison Magic


You knew the following spells:

 Your Spells              Type           Power      Damage    Failure   Level
a - Slow                  Hex            100%       N/A       1%          1
b - Scorch                Fire           86%        2d8       1%          2
c - Summon Guardian Gole  Hex/Summ       43%        N/A       1%          3
d - Ignite Poison         Fire/Tmut/Pois 43%        N/A       1%          3
e - Cause Fear            Hex            21%        N/A       1%          4
Your spell library was empty.

Dungeon Overview and Level Annotations

Branches:
Dungeon (9/15)             Temple (1/1) D:5            Lair (0/5) D:8
    Orc: D:9-12

Altars:
Ashenzari
Cheibriados
Elyvilon
Fedhas
Gozag
Hepliaklqana
Makhleb
Nemelex Xobeh
Okawaru
Qazlal
Ru
Trog
Uskayaw
Wu Jian
Yredelemnul
Zin
The Shining One

Shops:
D:6 !   D:7 *


Innate Abilities, Weirdness & Mutations

Your life essence is reduced to manifest your ancestor. (-10% HP)
You are immune to sickness and miasma.
You are immune to poison.
Your flesh is very heat resistant. (rF++)
You are vulnerable to cold. (rC-)
You float through the air rather than walking.
You learn spells naturally, not from books.
Your magical power is your life essence.
You have superior vitality. (+4 MHP)


Message History

You have reached level 12!
You feel agile.
You hit the yak but do no damage.
The yak is heavily wounded.
The yak gores you!
* * * LOW HITPOINT WARNING * * *
You hit the yak.
The yak is poisoned.
The yak is heavily wounded.
The yak closely misses you.
You hit the yak.
The yak is heavily wounded.
The yak gores you!
* * * LOW HITPOINT WARNING * * *
You are too injured to fight recklessly!
Casting: Scorch (safe; 1% risk of failure)
Confirm with . or Enter, or press ? or * to list all spells.
Flames lash the yak.
The yak is severely wounded.
The yak's fire resistance burns away.
* * * LOW HITPOINT WARNING * * *
The yak gores you.
* * * LOW HITPOINT WARNING * * *
Casting: Scorch (safe; 1% risk of failure)
Confirm with . or Enter, or press ? or * to list all spells.
Flames lash the yak.
The yak is severely wounded.
* * * LOW HITPOINT WARNING * * *
The yak closely misses you. The yak attacks as it pursues you!
The yak gores you.
* * * LOW HITPOINT WARNING * * *
You see here a yak corpse.
You barely miss the yak.
The yak is severely wounded.
The yak gores you.
* * * LOW HITPOINT WARNING * * *
The yak closely misses you.
You puncture the yak!
The yak looks as sick as possible!
The yak is almost dead.
The yak gores you!
You die...

...........#..........# #.#
...........#..........# #>#
...........#..........####.#
...........#..#+#####......#
...........#..#.....#......#
..............#.....#......#
.....###+######.....#......#
.....# ...........#......#
####.# .##.@Y..'.##...# #.#
####†##.##...# #.#
>..+.##...# #.# ....#.##...#
####.# .....#......# .....#
......#.. ...#
.....########+#.....#<..
..............#.....#...
###...#####....


You could see a yak (extremely poisoned, combustible).

Vanquished Creatures
  Harold (D:9)
  A skeletal warrior (D:7)
  Pikel (D:5)
  A cyclops (D:8)
  An ugly thing (D:8)
  A manticore (D:7)
  A moth of wrath (D:3)
  Joseph (D:7)
  4 gargoyles (D:9)
  Maggie (D:7)
  Psyche (D:9)
  Prince Ribbit (D:6)
  A wyvern (D:9)
  4 yaks (D:9)
  An acid dragon (D:8)
  4 water moccasins
  3 sky beasts
  3 black bears
  3 phantoms
  2 centaurs
  A lemure (D:5)
  Blork the orc (D:5)
  2 kobold brigands
  4 scorpions
  4 bullfrogs
  3 wights (D:7)
  A water moccasin skeleton (D:4)
  A howler monkey (D:9)
  2 orc priests
  A bullfrog skeleton (D:4)
  A gnoll bouda (D:7)
  Jessica (D:2)
  2 iguanas (D:4)
  2 sleepcaps (D:7)
  4 orc wizards
  A scorpion zombie (D:4)
  Robin (D:4)
  3 gnolls (D:7)
  2 adders
  A white imp (D:7)
  An adder skeleton (D:4)
  3 adder zombies (D:4)
  3 worms
  4 dart slugs
  13 orcs
  6 endoplasms
  A giant cockroach (D:1)
  6 hobgoblins
  14 kobolds
  4 quokkas
  5 ball pythons
  A bat (D:1)
  2 frilled lizards (D:1)
  11 goblins
  A jackal zombie (D:4)
  7 rats
156 creatures vanquished.

Vanquished Creatures (collateral kills)
  A boulder beetle (D:7)
  A two-headed ogre (D:8)
  A gargoyle (D:9)
  A steam dragon (D:9)
  An orc warrior (D:7)
  A bullfrog (D:6)
  A wight (D:7)
  A hound (D:7)
  An orc priest (D:6)
  A jelly (D:6)
  A sleepcap (D:6)
  2 orc wizards (D:8)
  A gnoll (D:7)
  A shadow imp (D:6)
  An endoplasm (D:1)
  A kobold (D:7)
17 creatures vanquished.

Vanquished Creatures (others)
  Crazy Yiuf (D:4)
  3 knights
4 creatures vanquished.

Grand Total: 177 creatures vanquished

Notes
Turn   | Place    | Note
-------+----------+-------------------------------------------
     0 | D:5      | cforsyth the Djinni Delver began the quest for the Orb.
     0 | D:5      | Reached XP level 1. HP: 20/20 MP: 0/0
    42 | D:5      | Noticed a centaur
    62 | D:5      | Noticed a lemure
    89 | D:5      | Noticed Pikel
    89 | D:5      | Noticed a lemure
    89 | D:5      | Noticed a lemure
   179 | D:5      | Noticed a water moccasin
   245 | D:4      | Noticed Robin
   246 | D:4      | Reached XP level 2. HP: 22/25 MP: 0/0
   401 | D:5      | Reached skill level 1 in Spellcasting
   401 | D:5      | Reached skill level 1 in Conjurations
   401 | D:5      | Reached skill level 1 in Hexes
   401 | D:5      | Reached skill level 1 in Summonings
   401 | D:5      | Reached skill level 1 in Necromancy
   401 | D:5      | Reached skill level 1 in Translocations
   401 | D:5      | Reached skill level 1 in Transmutations
   401 | D:5      | Reached skill level 1 in Fire Magic
   401 | D:5      | Reached skill level 1 in Ice Magic
   401 | D:5      | Reached skill level 1 in Air Magic
   401 | D:5      | Reached skill level 1 in Earth Magic
   401 | D:5      | Reached skill level 1 in Poison Magic
   401 | D:5      | Reached XP level 3. HP: 22/30 MP: 0/0
   401 | D:5      | Learned a level 1 spell: Slow
   474 | D:4      | Reached XP level 4. HP: 31/37 MP: 0/0
   493 | D:4      | Reached skill level 4 in Fighting
   542 | D:4      | Noticed a phantom
   566 | D:4      | Reached XP level 5. HP: 39/41 MP: 0/0
   566 | D:4      | Learned a level 2 spell: Scorch
   794 | D:4      | Reached skill level 5 in Fighting
   794 | D:4      | Reached XP level 6. HP: 30/49 MP: 0/0
   868 | D:4      | Found a basalt altar of Yredelemnul.
  1104 | D:4      | Killed Robin
  1381 | D:4      | Reached XP level 7. HP: 36/55 MP: 0/0
  1381 | D:4      | Learned a level 3 spell: Summon Guardian Golem
  1511 | D:4      | Found a runed translucent door.
  1512 | D:4      | Noticed Crazy Yiuf
  1765 | D:4      | Killed Crazy Yiuf
  2265 | D:5      | Found a glowing silver altar of Zin.
  2290 | D:5      | Identified the +4 ring mail of Visaclal {rElec Will- Int+3
                  | Dex+5}
  2334 | D:5      | Killed Pikel
  2335 | D:5      | Reached skill level 7 in Fighting
  2335 | D:5      | Reached XP level 8. HP: 15/64 MP: 0/0
  3415 | D:5      | Found a staircase to the Ecumenical Temple.
  3435 | Temple   | Entered the Ecumenical Temple
  3464 | Temple   | Became a worshipper of Hepliaklqana the Forgotten
  3503 | D:5      | Reached skill level 5 in Spellcasting
  3503 | D:5      | Reached skill level 5 in Conjurations
  3503 | D:5      | Reached skill level 5 in Hexes
  3503 | D:5      | Reached skill level 5 in Summonings
  3503 | D:5      | Reached skill level 5 in Necromancy
  3503 | D:5      | Reached skill level 5 in Translocations
  3503 | D:5      | Reached skill level 5 in Transmutations
  3503 | D:5      | Reached skill level 5 in Fire Magic
  3503 | D:5      | Reached skill level 5 in Ice Magic
  3503 | D:5      | Reached skill level 5 in Air Magic
  3503 | D:5      | Reached skill level 5 in Earth Magic
  3503 | D:5      | Reached skill level 5 in Poison Magic
  3530 | D:5      | Noticed Blork the orc
  3540 | D:5      | Killed Blork the orc
  3546 | D:5      | Reached skill level 8 in Fighting
  3546 | D:5      | Reached XP level 9. HP: 36/70 MP: 0/0
  3546 | D:5      | Learned a level 3 spell: Ignite Poison
  3976 | D:3      | Noticed a moth of wrath
  3979 | D:3      | Found a bloodstained altar of Trog.
  4128 | D:3      | Killed a moth of wrath
  4540 | D:3      | Found a white marble altar of Elyvilon.
  4546 | D:3      | Reached * piety under Hepliaklqana
  5208 | D:2      | Reached ** piety under Hepliaklqana
  5209 | D:2      | Remembered your ancestor Amurritum as a knight
  5413 | D:2      | Noticed Jessica
  5419 | D:2      | Killed Jessica
  6591 | D:6      | Found Neahios's Distillery.
  6599 | D:6      | Reached skill level 9 in Fighting
  6810 | D:6      | Found a sparkling altar of Nemelex Xobeh.
  6957 | D:6      | Noticed Prince Ribbit
  6962 | D:6      | Killed Prince Ribbit
  7074 | D:6      | Found a sacrificial altar of Ru.
  7609 | D:7      | Found Atraff's Lightly-Used Armoury.
  7616 | D:7      | Reached XP level 10. HP: 38/71 MP: 0/0
  7872 | D:7      | Found a broken altar of Ashenzari.
  8087 | D:7      | Reached *** piety under Hepliaklqana
  8087 | D:7      | Noticed Maggie
  8098 | D:7      | Killed Maggie
  8099 | D:7      | Reached skill level 10 in Fighting
  8402 | D:7      | Noticed Joseph
  8409 | D:7      | Killed Joseph
  8665 | D:7      | Noticed a skeletal warrior
  8665 | D:7      | Noticed a manticore
  8667 | D:7      | Noticed a boulder beetle
  8678 | D:7      | Killed a skeletal warrior
  8679 | D:7      | Reached skill level 11 in Fighting
  9173 | D:7      | Killed a manticore
  9260 | D:7      | Killed a boulder beetle
  9261 | D:7      | Reached XP level 11. HP: 67/79 MP: 0/0
  9261 | D:7      | Learned a level 4 spell: Cause Fear
  9321 | D:7      | Identified the +8 trident "Nud Acs" {venom, Int+2 Dex-5
                  | SInv}
  9469 | D:8      | Noticed a purple ugly thing
  9474 | D:8      | Killed a purple ugly thing
  9789 | D:8      | Noticed a two-headed ogre
  9794 | D:8      | Killed a two-headed ogre
  9795 | D:8      | Reached skill level 12 in Fighting
  9854 | D:8      | Found a staircase to the Lair.
 10001 | D:8      | Noticed a cyclops
 10008 | D:8      | Killed a cyclops
 10411 | D:9      | Reached **** piety under Hepliaklqana
 10507 | D:9      | Noticed Harold
 10516 | D:9      | Killed Harold
 10736 | D:9      | Noticed Psyche
 10745 | D:9      | Killed Psyche
 10930 | D:9      | Reached skill level 13 in Fighting
 11092 | D:9      | Reached XP level 12. HP: 31/88 MP: 0/0
 11100 | D:9      | Slain by a yak

Illustrated notes

Levels and vault maps discovered:
D:1:      beargit_arrival_diablo_church, layout_basic
D:2:      layout_basic, uniq_jessica
D:3:      layout_basic, amcnicky_altar_gilded, tgw_trog, dk_noncrumbling_2
D:4:      layout_basic, kennysheep_little_box, serial_undead, serial_undead_b,
          serial_undead_d, serial_undead_a, serial_undead_e,
          uniq_crazy_yiuf_cottage, uniq_robin
D:5:      layout_loops_ring, zin_treasury, minmay_temple_entry_offerings,
          nrook_mini_backslash, uniq_blork_the_orc, uniq_pikel
D:6:      layout_loops_ring, nemelex_spade_bored_becter, lemuel_blue_sif_altar,
          kennysheep_mini, kennysheep_small_circle, uniq_prince_ribbit1
D:7:      nzn_winding_woodlands_three_and_one [nzn_winding_woodlands_5x15_eye,
          nzn_winding_woodlands_5x15_jagged, nzn_winding_woodlands_5x15_zeroes,
          nzn_winding_woodlands_center_triple_pond], layout_gridville,
          kennysheep_mini_moat, minmay_shop_damaged, uniq_joseph, uniq_maggie
D:8:      layout_loops_corners, lair_entry_dummy
D:9:      cheibrodos_statue_roulette, layout_stronghold, uniq_psyche,
          uniq_harold
Temple:   nicolae_temple_godzebo

Skill      XL: |  1  2  3  4  5  6  7  8  9 10 11 |
---------------+----------------------------------+-----
Spellcasting   | 1 2 3 4 5 6 8 9 |  9.6
Conjurations   | 1 2 3 4 5 6 8 9 |  9.6
Hexes          | 1 2 3 4 5 6 8 9 |  9.6
Summonings     | 1 2 3 4 5 6 8 9 |  9.6
Necromancy     | 1 2 3 4 5 6 8 9 |  9.6
Translocations | 1 2 3 4 5 6 8 9 |  9.6
Transmutations | 1 2 3 4 5 6 8 9 |  9.6
Fire Magic     | 1 2 3 4 5 6 8 9 |  9.6
Ice Magic      | 1 2 3 4 5 6 8 9 |  9.6
Air Magic      | 1 2 3 4 5 6 8 9 |  9.6
Earth Magic    | 1 2 3 4 5 6 8 9 |  9.6
Poison Magic   | 1 2 3 4 5 6 8 9 |  9.6
Fighting       | 4 5 7 8 9 11 13 | 13.1
Long Blades    | |  1.7
Dodging        | |  2.1
Stealth        | |  4.1

Action                     |  1- 3 |  4- 6 |  7- 9 | 10-12 || total
---------------------------+-------+-------+-------+-------++-------
  Melee: Falchion          |    42 |    31 |    15 |       ||    88
         Mace              |       |       |     9 |    12 ||    21
         Punch             |       |       |     1 |     2 ||     3
         Trident           |       |       |       |     5 ||     5
   Cast: Slow              |       |     2 |       |       ||     2
         Scorch            |       |    37 |   145 |   210 ||   392
         Summon Guardian G |       |       |     1 |       ||     1
 Invoke: Ancestor Life: Kn |       |       |     1 |       ||     1
  Evoke: Wand              |       |       |       |     1 ||     1
    Use: Potion            |       |       |     3 |     1 ||     4
         Scroll            |       |       |    10 |     5 ||    15
   Stab: Sleeping          |     2 |       |     1 |       ||     3
         Paralysed         |       |       |       |     9 ||     9
 Armour: Leather armour    |    47 |    34 |    61 |     3 ||   145
         Steam dragon scal |       |       |       |    63 ||    63
  Dodge: Dodged            |    38 |    32 |    49 |    43 ||   162

Table legend: (Time is in decaauts)
 A = Elapsed time spent in this place.
 B = Non-inter-level travel time spent in this place.
 C = Inter-level travel time spent in this place.
 D = Time resting spent in this place.
 E = Time spent auto-exploring this place.
 F = Levels seen in this place.
 G = Mean time per level.
                   A        B        C        D        E       F      G
               +--------+--------+--------+--------+--------+-----+--------+
         Total |  11115 |  10598 |    517 |   1951 |   7129 |  10 | 1111.5 |
       Dungeon |  11057 |  10597 |    460 |   1951 |   7129 |   9 | 1228.6 |
        Temple |     58 |      1 |     57 |      0 |      0 |   1 |   58.0 |
               +--------+--------+--------+--------+--------+-----+--------+

Top non-repeatable levels by time:
     D:5: 2141 daAuts
     D:7: 1955 daAuts
     D:4: 1773 daAuts
     D:6: 1062 daAuts
     D:8: 919 daAuts
     D:3: 913 daAuts
     D:2: 789 daAuts
     D:1: 788 daAuts
     D:9: 713 daAuts
  Temple: 58 daAuts
